 Dungeon Crawl Stone Soup version 0.28.0-47-ge53b351184 (webtiles) character file.

Game seed: 8054097554561471830

121 pkoi the Chiller (level 4, -4/33 HPs)
             Began as a Demigod Ice Elementalist on May 9, 2022.
             Slain by Sigmund
             ... wielding a +0 scythe
              (13 damage)
             ... on level 3 of the Dungeon.
             The game lasted 00:04:06 (3832 turns).

pkoi the Chiller (Demigod Ice Elementalist)         Turns: 3832, Time: 00:04:07

Health: -4/33      AC:  2    Str:  9    XL:     4   Next: 48%
Magic:  3/10       EV: 12    Int: 21    God:
Gold:   144        SH:  0    Dex: 14    Spells: 3/8 levels left

rFire   . . .      SeeInvis .   f - +0 club
rCold   . . .      Faith    .   (no shield)
rNeg    . . .      Spirit   .   a - +0 robe
rPois   .          Reflect  .   (no helmet)
rElec   .          Harm     .   h - scarf {+Inv}
rCorr   .          Rampage  .   (no gloves)
Will    .....                   (no boots)
Stlth   ++........              (no amulet)
HPRegen 0.11/turn               (no ring)
MPRegen 0.12/turn               (no ring)

@: freezing walls
A: high MP 1, forlorn, divine attributes
a: Evoke Invisibility


You were on level 3 of the Dungeon.
You visited 1 branch of the dungeon, and saw 3 of its levels.

You collected 144 gold pieces.

Inventory:

Hand Weapons
 f - a +0 club (weapon)
 i - a +0 short sword
 j - a +0 halberd
Missiles
 k - 4 poisoned darts
Armour
 a - a +0 robe (worn)
 h - a scarf of invisibility (worn)
Jewellery
 e - a +4 ring of slaying
Scrolls
 b - a scroll of blinking {unknown}
 c - 5 scrolls of identify {unknown}
 g - a scroll of amnesia {unknown}
Potions
 d - a potion of berserk rage {unknown}
 l - a potion of heal wounds {unknown}


   Skills:
 - Level 1.7 Dodging
 - Level 1.7 Stealth
 + Level 2.5 Spellcasting
 - Level 1.0 Conjurations
 + Level 4.7 Ice Magic
 + Level 1.3 Air Magic


You had 3 spell levels left.
You knew the following spells:

 Your Spells              Type           Power      Damage    Failure   Level
a - Freeze                Ice            88%        1d10      1%          1
b - Shock                 Conj/Air       28%        1d4       9%          1
c - Frozen Ramparts       Ice            44%        1d6       6%          3

Your spell library contained the following spells:

 Spells                   Type           Power      Damage    Failure   Level
 Ozocubu's Armour         Ice            22%        N/A       6%          3
 Swiftness                Air            8%         N/A       24%         3
 Hailstorm                Conj/Ice       14%        3d5       38%         4
 Airstrike                Air            4%         N/A       61%         4


Dungeon Overview and Level Annotations

Branches:
Dungeon (3/15)

Shops:
D:2 ?

Annotations:
D:3 Sigmund


Innate Abilities, Weirdness & Mutations

You have an increased reservoir of magic. (+10% MP)
You shall have no god before yourself.
Your divine heritage dramatically boosts your attributes as you level up.


Message History

* * * LOW HITPOINT WARNING * * *
The wall freezes something.
Something barely misses you.
The frozen ramparts melt away.
Something hits you!
* * * LOW HITPOINT WARNING * * *
The dart slug launches a dart at you.
The slug dart hits something.
You bump into the rock wall.
You feel less confused. Something hits you.
* * * LOW HITPOINT WARNING * * *
The dart slug launches a dart at you. The slug dart hits you.
* * * LOW HITPOINT WARNING * * *
Casting: Frozen Ramparts (dangerous; 6% risk of failure)
Confirm with . or Enter, or press ? or * to list all spells.
Aiming: Shock (safe; 9% risk of failure)
Press: ? - help, Shift-Dir - straight line, f - dart slug
Aim: a dart slug (100% to hit)
Okay, then.
Unknown command.
Casting: Shock (safe; 9% risk of failure)
Confirm with . or Enter, or press ? or * to list all spells.
Casting: Frozen Ramparts (dangerous; 6% risk of failure)
Press: ? - help, Dir - look around, f - activate The walls around you are covered in ice.
The wall freezes something.
Unknown command.
Unknown command.
Casting: Frozen Ramparts (dangerous; 6% risk of failure)
Confirm with . or Enter, or press ? or * to list all spells.
You can't see any susceptible monsters within range! (Use Z to cast anyway.)
Casting: Frozen Ramparts (dangerous; 6% risk of failure)
Confirm with . or Enter, or press ? or * to list all spells.
Aiming: Shock (safe; 9% risk of failure)
Press: ? - help, Shift-Dir - straight line, f - dart slug
Aim: a dart slug (100% to hit)
The zap hits the dart slug.
The dart slug is moderately wounded.
The wall freezes something.
Something hits you!
You die...

#.# ................[.. #.#
###..#..........## #.#
#.........###... #.#
##.#......# #@##
#.#######.##.##..###.#
#.........##.# #.....
##.#########.###.#.#### #.#
#....w............ #.#
#@####..###...####
#.###.####..##....# .
#..............#..###.
#######.#...###............S
#...........<....#.##.......
..#.####.†................#)#
#.........######..........
#...######.#.# #.####w#### .
#.#.######.# ...


You could see a dart slug.

Vanquished Creatures
  3 gnolls
  4 adders
  A worm (D:2)
  A dart slug (D:2)
  An orc (D:3)
  4 ball pythons
  7 bats
  5 endoplasms
  A giant cockroach (D:2)
  9 hobgoblins
  2 jackals (D:3)
  2 kobolds (D:2)
  2 quokkas
  2 frilled lizards (D:1)
  A goblin (D:1)
  6 rats
51 creatures vanquished.

Notes
Turn   | Place    | Note
-------+----------+-------------------------------------------
     0 | D:1      | pkoi the Demigod Ice Elementalist began the quest for the
                  | Orb.
     0 | D:1      | Reached XP level 1. HP: 14/14 MP: 5/5
   325 | D:1      | Reached skill level 4 in Ice Magic
   643 | D:1      | Reached XP level 2. HP: 15/20 MP: 0/7
  1737 | D:2      | Found Umantel's Magic Scroll Shoppe.
  1896 | D:2      | Learned a level 1 spell: Shock
  2162 | D:2      | Reached XP level 3. HP: 22/26 MP: 6/8
  3036 | D:2      | Learned a level 3 spell: Frozen Ramparts
  3063 | D:2      | Reached skill level 1 in Conjurations
  3146 | D:2      | Reached skill level 1 in Air Magic
  3146 | D:2      | Reached XP level 4. HP: 33/33 MP: 5/10
  3803 | D:3      | Noticed Sigmund
  3832 | D:3      | Slain by Sigmund

Illustrated notes

Levels and vault maps discovered:
D:1:      nzn_arrival_water_spiral, layout_rooms, grunt_decor_resistance,
          palyth_stone_intersect, dk_noncrumbling_2, nrook_mini_backslash,
          minmay_indecisive_spiral
D:2:      layout_rooms, serial_shops, nicolae_shop_hallway_plus
D:3:      layout_loops_ring, lemuel_tele_altar, uniq_sigmund, uniq_robin

Skill      XL: |  1  2  3 |
---------------+----------+-----
Ice Magic      | 4 |  4.7
Spellcasting   | 2 |  2.5
Conjurations   | 1 |  1.0
Air Magic      | 1 |  1.3
Dodging        | |  1.7
Stealth        | |  1.7

Action                   |  1- 3 |  4- 6 || total
-------------------------+-------+-------++-------
Melee: Club              |     8 |     7 ||    15
 Cast: Freeze            |    59 |    14 ||    73
       Shock             |     1 |     2 ||     3
       Frozen Ramparts   |     1 |     2 ||     3
 Stab: Sleeping          |     1 |       ||     1
Armor: Robe              |     6 |     2 ||     8
Dodge: Dodged            |    40 |    14 ||    54
